[Event "Titled Tuesday Blitz April 19 Early 2022"]
[White "Demin, Vladimir"]
[Black "Dronavalli, Harika"]
[WhiteFideId "4167457"]
[BlackFideId "5015197"]
[WhiteElo "2387"]
[BlackElo "2382"]
[Result "0-1"]
[Round "07"]
[TimeControl "180+1"]
[Date "2022.04.19"]
[WhiteClock "0:00:01"]
[BlackClock "0:00:28"]

1. e4 c5 2. Nf3 e6 3. c3 d5 4. e5 d4 5. Bd3 Nc6 6. O-O Nge7 7. Be4 Bd7 8. d3 Qc7 9. Re1 Rd8 10. Na3 a6 11. Nc4 Ng6 12. Bg5 Rc8 13. cxd4 cxd4 14. Rc1 Bb4 15. Re2 b5 16. a3 bxc4 17. axb4 Ncxe5 18. dxc4 d3 19. Re1 O-O 20. Nxe5 Nxe5 21. Bf4 f6 22. Bxe5 fxe5 23. Qxd3 h6 24. Qg3 Rf6 25. Bb1 Rcf8 26. Qd3 Bc6 27. Re2 Qb6 28. Qe3 Qxb4 29. Qxe5 Qb3 30. f3 Qb6+ 31. Kh1 Qb7 32. Rg1 Rxf3 33. gxf3 Bxf3+ 0-1


[Site "https://www.chess.com"]

[Event "Titled Tuesday Blitz April 19 Early 2022"]
[White "Derjabin, Ilja"]
[Black "Chandratreya, Prachiti"]
[WhiteFideId "14104768"]
[BlackFideId "46611215"]
[WhiteElo "2341"]
[BlackElo "1737"]
[Result "1-0"]
[Round "07"]
[TimeControl "180+1"]
[Date "2022.04.19"]
[WhiteClock "0:00:16"]
[BlackClock "0:00:35"]

1. d4 Nf6 2. c4 g6 3. Nc3 Bg7 4. e4 Bf8 5. Nge2 d6 6. Ng3 Bg7 7. Be2 Nbd7 8. O-O c5 9. d5 h5 10. f4 a6 11. a4 b6 12. e5 dxe5 13. f5 O-O 14. Nce4 Nxe4 15. Nxe4 Nf6 16. Nxf6+ exf6 17. Bd3 Qe8 18. Be4 Bb7 19. h4 b5 20. Qc2 Kh7 21. Qe2 Kg8 22. Qc2 gxf5 23. Rxf5 Bc8 24. Rxh5 f5 25. Bxf5 Bxf5 26. Qxf5 f6 27. Be3 Qc8 28. Qh7+ Kf7 29. Bh6 Qg4 30. Bxg7 Qxg7 31. Qf5 Kg8 32. Ra3 b4 33. Re3 Rf7 34. Kh2 Rd8 35. Rg3 Rd6 36. Rxg7+ Kxg7 37. Rh7+ Kg8 38. Rxf7 Kxf7 39. Qh7+ Kf8 40. h5 a5 41. h6 e4 42. Qg7+ Ke8 43. h7 e3 44. h8=Q# 1-0


[Site "https://www.chess.com"]

[Event "Titled Tuesday Blitz April 19 Early 2022"]
[White "Devaev, Alexander"]
[Black "Guz, Ari"]
[WhiteFideId "4169395"]
[BlackFideId "2825759"]
[WhiteElo "2185"]
[BlackElo "1913"]
[Result "1-0"]
[Round "07"]
[TimeControl "180+1"]
[Date "2022.04.19"]
[WhiteClock "0:00:03"]
[BlackClock "0:01:15"]

1. d4 d6 2. c4 g6 3. Nc3 Bg7 4. e4 Nf6 5. Nf3 O-O 6. h3 c5 7. d5 b5 8. cxb5 a6 9. a4 axb5 10. Bxb5 Ba6 11. Bd2 Ne8 12. O-O Nc7 13. Qe2 Qc8 14. Bg5 Qd8 15. Rad1 h6 16. Bh4 g5 17. Bg3 Nd7 18. e5 Nb6 19. Rfe1 Bxb5 20. axb5 Qd7 21. h4 g4 22. Nh2 h5 23. f3 f5 24. exf6 Bxf6 25. fxg4 Bd4+ 26. Kh1 Ncxd5 27. Nxd5 Nxd5 28. gxh5 Nf6 29. Qxe7 Qxe7 30. Rxe7 Nxh5 31. Bxd6 Rf6 32. Be5 Rd8 33. Ng4 Rg6 34. Bxd4 Rxg4 35. b6 cxd4 36. b7 Rxh4+ 37. Kg1 Nf6 38. Rc7 Rh8 39. Rc8 Kg7 40. b8=Q Rxc8 41. Qg3+ Kf7 42. Qf4 Rce8 43. Qxd4 Re6 44. Qc4 Re8 45. Re1 Re7 46. Rxe6 Rxe6 47. b4 Ke7 48. Qc7+ Nd7 49. b5 Rb6 50. Qc4 Re6 51. g4 Ne5 52. Qc5+ Kf7 53. b6 Nd7 54. Qc7 Ke7 55. b7 Rb6 56. g5 Rg6 57. Kf2 Rxg5 58. b8=Q Rf5+ 59. Ke3 Rf6 60. Qb4+ Kf7 61. Qbc4+ Kg6 62. Kd2 Re6 63. Qxe6+ Kg5 64. Qcxd7 1-0


[Site "https://www.chess.com"]

[Event "Titled Tuesday Blitz April 19 Early 2022"]
[White "Dobre, Claudiu-Cristian"]
[Black "Meekins, Kristopher C"]
[WhiteFideId "1211854"]
[BlackFideId "2005964"]
[WhiteElo "2207"]
[BlackElo "2313"]
[Result "1-0"]
[Round "07"]
[TimeControl "180+1"]
[Date "2022.04.19"]
[WhiteClock "0:00:15"]
[BlackClock "0:00:11"]

1. c4 e5 2. Nc3 Nc6 3. Nf3 Nf6 4. e3 d5 5. cxd5 Nxd5 6. Bb5 Nxc3 7. dxc3 Qxd1+ 8. Kxd1 Bd6 9. e4 Bd7 10. Be3 a6 11. Bc4 f6 12. a4 O-O-O 13. Ke2 h5 14. a5 h4 15. h3 g5 16. Nh2 Ne7 17. Ng4 Rdf8 18. b4 Bc6 19. f3 f5 20. exf5 Nxf5 21. Be6+ Kb8 22. Bxf5 Rxf5 23. Nf2 Re8 24. Ne4 Bxe4 25. fxe4 Rff8 26. Rhf1 Rg8 27. Kf3 Kc8 28. Kg4 Kd7 29. Rf5 Re6 30. Raf1 Reg6 31. Rf6 Be7 32. Rxg6 Rxg6 33. Rf5 Ke6 34. Bxg5 Bxg5 35. Rxg5 Rf6 36. Kxh4 Rf2 37. Rg7 Kd6 38. g4 Rf3 39. Rg6+ Kd7 40. c4 Re3 41. b5 axb5 42. cxb5 Rxe4 43. a6 bxa6 44. bxa6 Ra4 45. Kg5 e4 46. Kf4 c5 47. h4 e3+ 48. Kxe3 Ra3+ 49. Ke4 c4 50. Kd4 c3 51. Kd3 1-0


[Site "https://www.chess.com"]

[Event "Titled Tuesday Blitz April 19 Early 2022"]
[White "Donchenko, Alexander"]
[Black "Janaszak, Dawid"]
[WhiteFideId "24603295"]
[BlackFideId "1119206"]
[WhiteElo "2539"]
[BlackElo "2199"]
[Result "0-1"]
[Round "07"]
[TimeControl "180+1"]
[Date "2022.04.19"]
[WhiteClock "0:01:16"]
[BlackClock "0:00:19"]

1. e4 c5 2. Nf3 Nc6 3. c3 e5 4. Bb5 Nf6 5. O-O d6 6. d4 cxd4 7. cxd4 exd4 8. Nxd4 Bd7 9. Nc3 Be7 10. h3 O-O 11. Be3 Re8 12. Rc1 Bf8 13. Bd3 Ne5 14. Bg5 h6 15. Bh4 Ng6 16. Bg3 Qb6 17. Bc4 Qxb2 18. Nf5 Nxe4 19. Nxe4 Bxf5 20. Nxd6 Bxd6 21. Qxd6 Be6 22. Rb1 Qc2 23. Rfc1 Qf5 24. Rxb7 Bxc4 25. Rxc4 Rad8 26. Qc5 Rd1+ 27. Kh2 Ree1 28. Bb8 Rh1+ 29. Kg3 Rd3+ 30. f3 Rxf3+ 31. gxf3 Rxh3+ 32. Kf2 Qxf3+ 33. Ke1 Rh1+ 34. Kd2 Rd1+ 35. Kc2 Qd3+ 36. Kb2 Rb1# 0-1


[Site "https://www.chess.com"]

[Event "Titled Tuesday Blitz April 19 Early 2022"]
[White "Wagner, Dinara"]
[Black "Gharibyan, Mamikon"]
[WhiteFideId "24157570"]
[BlackFideId "13308300"]
[WhiteElo "2216"]
[BlackElo "2254"]
[Result "0-1"]
[Round "07"]
[TimeControl "180+1"]
[Date "2022.04.19"]
[WhiteClock "0:00:07"]
[BlackClock "0:00:08"]

1. d4 Nf6 2. c4 e6 3. Nf3 d5 4. g3 Bb4+ 5. Bd2 a5 6. Bg2 c5 7. cxd5 exd5 8. O-O O-O 9. Bg5 c4 10. Nc3 Be6 11. Ne5 Nc6 12. Bxf6 Qxf6 13. Nxd5 Bxd5 14. Bxd5 Nxe5 15. dxe5 Qxe5 16. Bxc4 Qxb2 17. Qd7 b6 18. Rad1 Qf6 19. e3 Bc5 20. Qb7 Rad8 21. Qc7 Rc8 22. Qb7 Rb8 23. Qc7 Rfc8 24. Qd7 g6 25. Qb5 Rc7 26. Rd3 Rbc8 27. Bb3 Be7 28. Rfd1 Rc5 29. Qd7 Rd8 30. Qb7 Rxd3 31. Rxd3 Rf5 32. Rd2 b5 33. Qa8+ Kg7 34. Qxa5 h5 35. h4 Bc5 36. Qc7 Bxe3 37. fxe3 Rf1+ 38. Kh2 Qa1 39. Bd5 Qe1 40. Qc2 Qxe3 41. Qb2+ Kh7 42. Rg2 Qe1 43. Re2 Qd1 44. Bb3 Rh1+ 45. Kg2 Qf1# 0-1


[Site "https://www.chess.com"]

[Event "Titled Tuesday Blitz April 19 Early 2022"]
[White "Fernandez Hernandez, Gerardo"]
[Black "Karavaeva, Olga"]
[WhiteFideId "2207400"]
[BlackFideId "4124111"]
[WhiteElo "2066"]
[BlackElo "2105"]
[Result "1-0"]
[Round "07"]
[TimeControl "180+1"]
[Date "2022.04.19"]
[WhiteClock "0:01:05"]
[BlackClock "0:02:20"]

1. e4 c5 2. d3 d5 3. Nd2 Nc6 4. g3 e6 5. Bg2 Nf6 6. Ngf3 g6 7. O-O Bg7 8. Re1 O-O 9. h4 h5 10. c3 dxe4 11. dxe4 b6 12. Qe2 Bb7 13. Nc4 Ng4 14. Bg5 Qc7 15. Rad1 b5 16. Ne3 a6 17. Nxg4 hxg4 18. Nh2 f5 19. exf5 exf5 20. Qe6+ Kh7 21. Rd7 Qc8 22. h5 gxh5 23. Qh6+ 1-0


[Site "https://www.chess.com"]

[Event "Titled Tuesday Blitz April 19 Early 2022"]
[White "Fernandez Siles, Luis"]
[Black "Mortazavi, Ali"]
[WhiteFideId "2209420"]
[BlackFideId "401323"]
[WhiteElo "2212"]
[BlackElo "2339"]
[Result "0-1"]
[Round "07"]
[TimeControl "180+1"]
[Date "2022.04.19"]
[WhiteClock "0:01:28"]
[BlackClock "0:01:40"]

1. d4 Nf6 2. c4 g6 3. Nc3 Bg7 4. e4 O-O 5. Nf3 d6 6. Be2 Bg4 7. Be3 Nbd7 8. Ng1 e5 9. Bxg4 Nxg4 10. Qxg4 exd4 11. Bg5 f6 12. Nd5 fxg5 13. h4 c6 14. Qe6+ Rf7 15. Nb4 Nc5 16. Qh3 g4 17. Qxg4 Qa5 18. a3 Nd3+ 19. Ke2 Nxb4 20. Nf3 d3+ 0-1


[Site "https://www.chess.com"]

[Event "Titled Tuesday Blitz April 19 Early 2022"]
[White "Fonseca Manrique, Enrique"]
[Black "Buscar, Michael"]
[WhiteFideId "5114330"]
[BlackFideId "2603616"]
[WhiteElo "2554"]
[BlackElo "2010"]
[Result "1-0"]
[Round "07"]
[TimeControl "180+1"]
[Date "2022.04.19"]
[WhiteClock "0:00:18"]
[BlackClock "0:00:14"]

1. e4 c5 2. Nf3 Nc6 3. Bb5 Nf6 4. Nc3 g6 5. O-O Bg7 6. Bxc6 bxc6 7. e5 Nd5 8. Ne4 c4 9. Re1 O-O 10. b3 Ba6 11. Bb2 Nc7 12. Nc5 Rb8 13. Qe2 Qc8 14. h4 Ne6 15. Nxa6 Qxa6 16. Bc3 d5 17. exd6 Bxc3 18. dxe7 Bxa1 19. exf8=Q+ Kxf8 20. Rxa1 Qa3 21. Qe5 Rd8 22. bxc4 h5 23. Rb1 Qxa2 24. Rb7 Kg8 25. Qf6 Rf8 26. Ne5 Qxc2 27. Rxf7 Qb1+ 28. Kh2 Qf5 29. Qxf5 gxf5 30. Rxa7 c5 31. Ra6 Nf4 32. g3 Ne2 33. Rg6+ Kh7 34. Rg5 Nd4 35. Rxh5+ Kg7 36. Kg2 Re8 37. f4 Ra8 38. Rg5+ Kf6 39. h5 Ra2 40. Rg6+ Ke7 41. h6 Rxd2+ 42. Kh3 Rd1 43. Kh4 Ne6 44. Rxe6+ Kxe6 45. Kg5 Rh1 46. Ng6 Rg1 47. h7 Rxg3+ 48. Kh6 Rh3+ 49. Kg7 Rd3 50. h8=Q Rd7+ 51. Kh6 Rd4 52. Qe8+ Kd6 53. Qe5+ Kc6 54. Qxf5 Rxc4 55. Ne7+ Kb6 56. Qd5 Rxf4 57. Qd6+ Kb5 58. Qxf4 c4 59. Qd4 Kb4 60. Nf5 Kb3 61. Ne3 c3 62. Qd3 Kb2 63. Qc2+ Ka1 64. Qxc3+ Kb1 65. Qd2 Ka1 66. Nc4 Kb1 67. Qb2# 1-0


[Site "https://www.chess.com"]

[Event "Titled Tuesday Blitz April 19 Early 2022"]
[White "Friedel, Tom"]
[Black "Marczuk, Dominik"]
[WhiteFideId "2002108"]
[BlackFideId "1111264"]
[WhiteElo "2310"]
[BlackElo "1912"]
[Result "0-1"]
[Round "07"]
[TimeControl "180+1"]
[Date "2022.04.19"]
[WhiteClock "0:00:01"]
[BlackClock "0:00:40"]

1. e4 c5 2. Nf3 d6 3. c3 Nf6 4. Bd3 Bg4 5. Bc2 Nc6 6. d3 e6 7. Nbd2 Be7 8. O-O O-O 9. h3 Bh5 10. Re1 Qc7 11. Nf1 Bg6 12. Ng3 b5 13. Nh4 b4 14. Bd2 Rab8 15. Nxg6 hxg6 16. h4 bxc3 17. bxc3 Rb2 18. Bc1 Rb7 19. h5 gxh5 20. Nxh5 Nxh5 21. Qxh5 Bf6 22. Bd2 Rb2 23. Rac1 g6 24. Qg4 Rxa2 25. Bh6 Rb8 26. Bd1 Rbb2 27. Be3 Ne5 28. Qf4 Bg7 29. Qg3 Nxd3 30. Bf4 Nxe1 31. Bxd6 Qd8 32. Bg4 Rxf2 33. Bh3 Nxg2 34. Bxc5 Nf4 35. Bf1 Rxf1+ 0-1


[Site "https://www.chess.com"]

[Event "Titled Tuesday Blitz April 19 Early 2022"]
[White "Gabrielian, Artur"]
[Black "Hua, Lefong"]
[WhiteFideId "4131002"]
[BlackFideId "2602253"]
[WhiteElo "2440"]
[BlackElo "2605"]
[Result "1-0"]
[Round "07"]
[TimeControl "180+1"]
[Date "2022.04.19"]
[WhiteClock "0:01:37"]
[BlackClock "0:00:40"]

1. c4 Nf6 2. Nc3 g6 3. d4 Bg7 4. e4 d6 5. Nf3 O-O 6. Be2 Bg4 7. Be3 Nfd7 8. Rc1 c5 9. d5 Na6 10. Ng1 Bxe2 11. Ngxe2 Nc7 12. h4 Ne5 13. b3 e6 14. h5 exd5 15. Nxd5 Nxd5 16. Qxd5 Qe7 17. hxg6 hxg6 18. f3 Rfe8 19. Rd1 Rad8 20. Nf4 Kf8 21. Rh7 Kg8 22. Rh1 Kf8 23. Kf2 Qf6 24. Qxb7 Ng4+ 25. fxg4 g5 26. g3 gxf4 27. gxf4 Re7 28. Qc6 Rde8 29. Rxd6 Qc3 30. e5 Bxe5 31. fxe5 Rxe5 32. Bh6+ Kg8 33. Rg6+ 1-0


[Site "https://www.chess.com"]

[Event "Titled Tuesday Blitz April 19 Early 2022"]
[White "Gatterer, Florian"]
[Black "Shuvalov, Evgenij"]
[WhiteFideId "811688"]
[BlackFideId "4187237"]
[WhiteElo "2218"]
[BlackElo "2130"]
[Result "0-1"]
[Round "07"]
[TimeControl "180+1"]
[Date "2022.04.19"]
[WhiteClock "0:00:03"]
[BlackClock "0:01:00"]

1. f4 e5 2. fxe5 d6 3. exd6 Bxd6 4. Nf3 g5 5. d4 g4 6. Ne5 Bxe5 7. dxe5 Qxd1+ 8. Kxd1 Nc6 9. Nc3 Be6 10. Bf4 O-O-O+ 11. Kc1 Nge7 12. e3 Ng6 13. Bb5 Ngxe5 14. Bxc6 Nxc6 15. a3 Rhg8 16. Rd1 h5 17. b3 f6 18. Kb2 Ne5 19. Rxd8+ Rxd8 20. Rd1 Rxd1 21. Nxd1 Ng6 22. g3 Bd5 23. Nf2 Bf3 24. Kc3 Kd7 25. Kd2 c6 26. Nd3 b6 27. b4 h4 28. Ne1 Be4 29. Bb8 a6 30. c4 h3 31. Nd3 Bxd3 32. Kxd3 Ke6 33. Bc7 b5 34. cxb5 axb5 35. Bb8 Ne7 36. Kd4 Nf5+ 37. Kd3 Nh6 38. Bf4 Nf7 39. Kd4 Nd8 40. Kc5 Kd7 41. Kb6 Ne6 42. Kb7 Ng7 43. Kb6 Nf5 44. Ka5 Ne7 45. a4 bxa4 46. Kxa4 Ke6 47. b5 cxb5+ 48. Kxb5 Kd5 49. Kb6 Ng6 0-1


[Site "https://www.chess.com"]

[Event "Titled Tuesday Blitz April 19 Early 2022"]
[White "Goryachkina, Aleksandra"]
[Black "Jegorovas, Aleksandras"]
[WhiteFideId "4147103"]
[BlackFideId "12801950"]
[WhiteElo "2426"]
[BlackElo "2247"]
[Result "1-0"]
[Round "07"]
[TimeControl "180+1"]
[Date "2022.04.19"]
[WhiteClock "0:00:10"]
[BlackClock "0:00:09"]

1. e4 e6 2. d4 d5 3. Nd2 Be7 4. e5 c5 5. c3 cxd4 6. cxd4 Nc6 7. Ndf3 Bb4+ 8. Bd2 Qb6 9. Bxb4 Qxb4+ 10. Qd2 Qb6 11. Bd3 Bd7 12. Ne2 Nb4 13. Nc3 Nxd3+ 14. Qxd3 Ne7 15. O-O h6 16. Rfc1 O-O 17. Nd1 Bb5 18. Qd2 Rfc8 19. Ne3 Be8 20. h3 a5 21. Nh4 Qb4 22. Rc3 Rc6 23. f4 Rac8 24. Rac1 Rxc3 25. bxc3 Qa3 26. f5 exf5 27. Nhxf5 Nxf5 28. Nxf5 Bd7 29. Nd6 Rc6 30. Rf1 Be6 31. Rf3 Rb6 32. Kh2 Rb2 33. Qf4 Qxa2 34. Rg3 Rf2 35. Qh4 Qe2 36. Ne8 Kh7 37. Rxg7+ 1-0


[Site "https://www.chess.com"]

[Event "Titled Tuesday Blitz April 19 Early 2022"]
[White "Grischuk, Alexander"]
[Black "Vokhidov, Shamsiddin"]
[WhiteFideId "4126025"]
[BlackFideId "14204223"]
[WhiteElo "2762"]
[BlackElo "2611"]
[Result "1-0"]
[Round "07"]
[TimeControl "180+1"]
[Date "2022.04.19"]
[WhiteClock "0:00:31"]
[BlackClock "0:01:16"]

1. d4 Nf6 2. c4 e6 3. Nc3 Bb4 4. e3 O-O 5. a3 Bxc3+ 6. bxc3 b6 7. Bd3 d6 8. e4 e5 9. Ne2 Nfd7 10. h4 Nc6 11. h5 Ba6 12. Rh3 Na5 13. Ng3 exd4 14. cxd4 Qf6 15. Nf5 Rae8 16. Qg4 Nc5 17. Bh6 Bc8 18. Qxg7+ Qxg7 19. Nxg7 Nxd3+ 20. Rxd3 Re5 21. dxe5 1-0


[Site "https://www.chess.com"]

[Event "Titled Tuesday Blitz April 19 Early 2022"]
[White "Harish, Neeraj"]
[Black "Yang, Kaiqi"]
[WhiteFideId "30958130"]
[BlackFideId "8604398"]
[WhiteElo "1574"]
[BlackElo "2373"]
[Result "0-1"]
[Round "07"]
[TimeControl "180+1"]
[Date "2022.04.19"]
[WhiteClock "0:00:02"]
[BlackClock "0:00:34"]

1. e4 e6 2. d4 d5 3. Nc3 Nf6 4. Bg5 dxe4 5. Nxe4 Be7 6. Bxf6 gxf6 7. Nf3 f5 8. Ng3 c5 9. c3 cxd4 10. Nxd4 Bf6 11. Bb5+ Bd7 12. Bxd7+ Qxd7 13. O-O Nc6 14. Nxc6 Qxc6 15. Nh5 Be7 16. Ng7+ Kf8 17. Nh5 Rg8 18. f3 Rd8 19. Qc1 Bg5 20. Qe1 Rd2 21. Rf2 Rd3 22. Rd1 Qd5 23. Rxd3 Qxd3 24. Rf1 Be3+ 25. Kh1 f4 26. Qd1 Qxd1 27. Rxd1 Ke7 28. g3 fxg3 29. Nxg3 Rg5 30. Ne4 Rb5 31. b3 Bf4 32. c4 Rh5 33. Kg1 Rxh2 34. Nc5 b6 35. Nd3 Bd6 36. a4 Rc2 37. Rc1 Rd2 38. Nf2 Bc5 39. Rf1 h5 0-1


[Site "https://www.chess.com"]

[Event "Titled Tuesday Blitz April 19 Early 2022"]
[White "Hernandez Bermudez, Ulises Eduardo"]
[Black "Valle Maytin, Luis Enrique"]
[WhiteFideId "3902510"]
[BlackFideId "3503666"]
[WhiteElo "2056"]
[BlackElo "2292"]
[Result "0-1"]
[Round "07"]
[TimeControl "180+1"]
[Date "2022.04.19"]
[WhiteClock "0:00:13"]
[BlackClock "0:00:49"]

1. e4 c6 2. d4 d5 3. exd5 cxd5 4. Bd3 Nc6 5. c3 Qc7 6. Nf3 Nf6 7. Nbd2 g6 8. Nf1 Bg7 9. Ne3 O-O 10. O-O a6 11. Re1 Bg4 12. Nxg4 Nxg4 13. h3 Nf6 14. Ne5 Rae8 15. Bf4 Qc8 16. Qb3 e6 17. Rac1 Nd7 18. Nxc6 Qxc6 19. Bg3 b5 20. a3 Nb6 21. Qd1 a5 22. Qe2 Nc4 23. Ra1 a4 24. Qc2 Na5 25. Qe2 Nc4 26. Qc2 Re7 27. b3 axb3 28. Qxb3 Ra8 29. Reb1 Rb7 30. a4 Nd2 31. axb5 Qc8 32. Qd1 Nxb1 33. Qxb1 Rxa1 34. Qxa1 Rb6 35. Qa5 Qb7 36. Kh2 Bf8 37. Be5 Bd6 38. f4 f6 39. Bxd6 Rxd6 40. Be2 Qb6 41. Qa8+ Rd8 42. Qa3 Kf7 43. Qb4 Rc8 44. Qa3 Qc7 45. Qa6 Qxf4+ 46. Kg1 Rxc3 47. Qa7+ Rc7 48. Qb6 Rc1+ 0-1


[Site "https://www.chess.com"]

[Event "Titled Tuesday Blitz April 19 Early 2022"]
[White "Hnydiuk, Aleksander"]
[Black "Pham, Tran Gia Phuc"]
[WhiteFideId "1109057"]
[BlackFideId "12415669"]
[WhiteElo "2374"]
[BlackElo "1789"]
[Result "0-1"]
[Round "07"]
[TimeControl "180+1"]
[Date "2022.04.19"]
[WhiteClock "0:00:02"]
[BlackClock "0:00:13"]

1. Nf3 Nf6 2. c4 c5 3. g3 Nc6 4. Bg2 d5 5. cxd5 Nxd5 6. d4 e6 7. O-O Be7 8. dxc5 Bxc5 9. Qc2 Be7 10. Rd1 O-O 11. Nc3 Ndb4 12. Qb3 Qa5 13. Bd2 e5 14. a3 Be6 15. Qa4 Qxa4 16. Nxa4 Nc2 17. Rac1 N2d4 18. Nxd4 Nxd4 19. Nc3 Rab8 20. Be3 Nb3 21. Rb1 b6 22. Bd5 Rfd8 23. Bxe6 fxe6 24. Kf1 Kf7 25. Ke1 g5 26. h3 h5 27. Rxd8 Rxd8 28. Rd1 Rc8 29. Rd7 Ke8 30. Rxa7 Nd4 31. Kd2 Nc6 32. Rb7 Na5 33. Ra7 Nc4+ 34. Kc2 g4 35. hxg4 hxg4 36. Kb3 Nxe3 37. fxe3 Rd8 38. Ne4 Rd1 39. Rb7 Re1 40. Rxb6 Rxe2 41. Rxe6 Rxe3+ 42. Nc3 Rxg3 43. Rxe5 Kd7 44. Re4 Rg2 45. a4 g3 46. Rg4 Bd6 47. Ne4 Be5 48. Nc3 Rg1 49. a5 g2 50. a6 Kc6 51. a7 Kb7 52. Rg5 Bxc3 53. Rg8 Kxa7 0-1


[Site "https://www.chess.com"]

[Event "Titled Tuesday Blitz April 19 Early 2022"]
[White "Hoffmann, Asa"]
[Black "Iljin, Timofey"]
[WhiteFideId "2001470"]
[BlackFideId "14110180"]
[WhiteElo "2117"]
[BlackElo "2396"]
[Result "1-0"]
[Round "07"]
[TimeControl "180+1"]
[Date "2022.04.19"]
[WhiteClock "0:00:11"]
[BlackClock "0:00:05"]

1. d4 d5 2. Bg5 f6 3. Bf4 Nc6 4. e3 e5 5. Bg3 Nh6 6. Bb5 Nf5 7. dxe5 Nxg3 8. hxg3 fxe5 9. Qh5+ Kd7 10. Qxe5 Bd6 11. Qxd5 Qf6 12. Nc3 Re8 13. Nf3 h6 14. O-O-O a6 15. Bxc6+ bxc6 16. Qd4 Rf8 17. e4 Qxd4 18. Rxd4 Ke7 19. Rc4 Be6 20. Rd4 Bc5 21. Rd2 Rad8 22. Rhd1 Rxd2 23. Rxd2 g5 24. Nd1 Bxa2 25. Nd4 Rf6 26. e5 Rg6 27. f4 gxf4 28. gxf4 Bd5 29. Ne3 Be4 30. c3 h5 31. Rf2 Kf7 32. Kd2 Rg3 33. f5 h4 34. f6 Bg6 35. e6+ Ke8 36. f7+ Kf8 37. Nef5 Bxf5 38. Rxf5 Rxg2+ 39. Kd3 h3 40. Rxc5 h2 41. Rh5 Kg7 42. Nf5+ Kg6 43. Rxh2 Rxh2 44. f8=Q Rh7 45. e7 Rh3+ 46. Kc2 Rh2+ 47. Kb3 c5 48. e8=Q+ Kg5 49. Qg7+ Kf4 50. Qee5+ Kf3 51. Qgg3# 1-0


[Site "https://www.chess.com"]

[Event "Titled Tuesday Blitz April 19 Early 2022"]
[White "Horcajuelo Rocamora, Martin"]
[Black "Terzi, Alexei"]
[WhiteFideId "24573027"]
[BlackFideId "13505076"]
[WhiteElo "1822"]
[BlackElo "2031"]
[Result "0-1"]
[Round "07"]
[TimeControl "180+1"]
[Date "2022.04.19"]
[WhiteClock "0:00:26"]
[BlackClock "0:00:13"]

1. e4 e6 2. d4 d5 3. e5 c5 4. c3 Qb6 5. Nf3 Bd7 6. Bd3 Nc6 7. dxc5 Bxc5 8. O-O a5 9. Nbd2 a4 10. Rb1 h5 11. b4 Be7 12. a3 g5 13. Bb2 g4 14. Nd4 Nxd4 15. cxd4 Bb5 16. Qe2 Bxd3 17. Qxd3 Qa6 18. Qxa6 Rxa6 19. Rbc1 Kd7 20. Rc2 Rc6 21. Rfc1 Rxc2 22. Rxc2 b5 23. Nb1 Nh6 24. Nc3 Rb8 25. Rc1 Nf5 26. Rd1 Kc6 27. Kf1 Kb6 28. Ke2 Rc8 29. Kd3 Rc4 30. Ne2 Bg5 31. Bc3 Nh4 32. Rg1 Kb7 33. Ng3 Rc8 34. Nxh5 Rh8 35. Ng3 Ng6 36. Rh1 Nf4+ 37. Kc2 Nxg2 38. Ne2 Nf4 39. Ng3 Rh3 40. Bd2 Bh6 41. Kd1 Nd3 42. Ke2 Nxf2 43. Kxf2 Bxd2 44. Kg2 Bc3 45. Rf1 Rh7 46. Rd1 Bb2 47. Rd3 Bc1 48. Ne2 Bg5 49. Nc3 Bf4 50. Nxb5 Rxh2+ 51. Kg1 g3 52. Rf3 Rf2 53. Rxf2 Be3 54. Kf1 gxf2 55. Ke2 Kb6 56. Nc3 Bxd4 57. Nd1 Kb5 0-1


[Site "https://www.chess.com"]

[Event "Titled Tuesday Blitz April 19 Early 2022"]
[White "Ianov, Viktor"]
[Black "Le, Tuan Minh"]
[WhiteFideId "14102730"]
[BlackFideId "12401153"]
[WhiteElo "2161"]
[BlackElo "2450"]
[Result "0-1"]
[Round "07"]
[TimeControl "180+1"]
[Date "2022.04.19"]
[WhiteClock "0:01:40"]
[BlackClock "0:01:30"]

1. Nf3 d5 2. g3 Nf6 3. Bg2 Nbd7 4. c4 dxc4 5. Qa4 a6 6. Qxc4 b5 7. Qc2 Bb7 8. O-O c5 9. a4 e6 10. d3 Be7 11. Nc3 b4 12. Nd1 O-O 13. a5 Nd5 14. Ne3 Nxe3 15. Bxe3 Rc8 16. Nd2 Bxg2 17. Kxg2 Ne5 18. Nc4 Nc6 19. f3 Rb8 20. b3 Rb5 21. Qa2 Bf6 22. Rac1 Nxa5 23. Nxa5 Rxa5 24. Qc2 Qd5 25. Qc4 Bc3 26. Rxc3 bxc3 27. Qxc3 Rb5 28. Ra1 Rxb3 29. Qxc5 Qxc5 30. Bxc5 Ra8 31. Kf2 a5 32. d4 a4 33. g4 a3 34. h4 a2 35. d5 exd5 36. Bd4 Rb1 0-1


[Site "https://www.chess.com"]

[Event "Titled Tuesday Blitz April 19 Early 2022"]
[White "Ibarra Jerez, Jose Carlos"]
[Black "Seemann, Jakub"]
[WhiteFideId "2226332"]
[BlackFideId "21874697"]
[WhiteElo "2626"]
[BlackElo "2003"]
[Result "1-0"]
[Round "07"]
[TimeControl "180+1"]
[Date "2022.04.19"]
[WhiteClock "0:02:18"]
[BlackClock "0:02:01"]

1. e4 e6 2. d4 d5 3. Nc3 dxe4 4. Nxe4 Nd7 5. Bd3 Ngf6 6. Qe2 c5 7. Nxf6+ Nxf6 8. dxc5 Bxc5 9. Bg5 Qc7 10. O-O-O O-O 11. Kb1 b6 12. Bxf6 gxf6 13. Bxh7+ Kxh7 14. Qh5+ Kg7 15. Qg4+ 1-0


[Site "https://www.chess.com"]

[Event "Titled Tuesday Blitz April 19 Early 2022"]
[White "Indjic, Aleksandar"]
[Black "Vignesh, N R"]
[WhiteFideId "911925"]
[BlackFideId "25012215"]
[WhiteElo "2616"]
[BlackElo "2363"]
[Result "1-0"]
[Round "07"]
[TimeControl "180+1"]
[Date "2022.04.19"]
[WhiteClock "0:01:57"]
[BlackClock "0:01:29"]

1. d4 Nf6 2. c4 e6 3. Nc3 Bb4 4. f3 c5 5. a3 Bxc3+ 6. bxc3 O-O 7. e4 d6 8. Bd3 Nc6 9. Ne2 b6 10. O-O Ba6 11. Bg5 h6 12. Bh4 e5 13. f4 exf4 14. Nxf4 g5 15. Nd5 Nh7 16. Bg3 Kg7 17. Qh5 f5 18. exf5 Qe8 19. Qf3 Nf6 20. Nc7 1-0


[Site "https://www.chess.com"]

[Event "Titled Tuesday Blitz April 19 Early 2022"]
[White "Iskusnyh, Sergei"]
[Black "Sukandar, Irine Kharisma"]
[WhiteFideId "4120027"]
[BlackFideId "7101937"]
[WhiteElo "2492"]
[BlackElo "2293"]
[Result "1-0"]
[Round "07"]
[TimeControl "180+1"]
[Date "2022.04.19"]
[WhiteClock "0:00:28"]
[BlackClock "0:00:05"]

1. d4 Nf6 2. c4 Nc6 3. Nf3 e6 4. g3 Bb4+ 5. Bd2 Qe7 6. Nc3 d6 7. Bg2 O-O 8. O-O e5 9. d5 Nb8 10. Qc2 a5 11. e4 Nbd7 12. a3 Bxc3 13. Bxc3 Nc5 14. Nd2 a4 15. f4 Ng4 16. Rae1 f6 17. h3 Nh6 18. f5 Bd7 19. g4 b5 20. Rf3 bxc4 21. Nxc4 Bb5 22. Na5 Rfb8 23. Bf1 Qd7 24. Bxb5 Qxb5 25. Nc6 Rb7 26. Bb4 Nd7 27. Rc1 Nb6 28. Rc3 Re8 29. Kf2 Nd7 30. Qe2 Qb6+ 31. Kg3 Nf7 32. h4 h6 33. Rc4 Qb5 34. Kf3 Nb6 35. R4c2 Qxe2+ 36. Kxe2 Rc8 37. Ne7+ Kf8 38. Nxc8 Nxc8 39. Rxc7 Rxc7 40. Rxc7 Ne7 41. Ra7 Ke8 42. Rxa4 Nc8 43. Ra8 Kd7 44. Ba5 1-0


[Site "https://www.chess.com"]

[Event "Titled Tuesday Blitz April 19 Early 2022"]
[White "Jakubowski, Krzysztof"]
[Black "D`Arruda, Ricardo D."]
[WhiteFideId "1112848"]
[BlackFideId "100692"]
[WhiteElo "2365"]
[BlackElo "2423"]
[Result "1-0"]
[Round "07"]
[TimeControl "180+1"]
[Date "2022.04.19"]
[WhiteClock "0:00:40"]
[BlackClock "0:00:37"]

1. e4 c5 2. Nf3 Nc6 3. d4 cxd4 4. Nxd4 e5 5. Nb5 a6 6. Nd6+ Bxd6 7. Qxd6 Qe7 8. Qd1 Nf6 9. Nc3 d6 10. Bg5 Be6 11. Bxf6 Qxf6 12. Qxd6 Rd8 13. Qc5 Qg5 14. Qe3 Qxe3+ 15. fxe3 Nb4 16. Rc1 Bxa2 17. b3 Rc8 18. Kd2 O-O 19. Nd5 Rfd8 20. Bd3 Nxd3 21. Kxd3 f5 22. Rhd1 fxe4+ 23. Kxe4 Kf7 24. Nb4 Rxd1 25. Rxd1 a5 26. Nxa2 Rxc2 27. Nc1 Rxg2 28. Rd7+ Kf6 29. Rxb7 Rxh2 30. Rb6+ Kf7 31. Nd3 Rh4+ 32. Kd5 e4 33. Ne5+ Ke7 34. Re6+ Kf8 35. Ra6 Rh1 36. Rxa5 Rb1 37. Ke6 g6 38. Rb5 Kg7 39. Ng4 h5 40. Rb7+ Kf8 41. Nf6 1-0


[Site "https://www.chess.com"]